 Dungeon Crawl Stone Soup version 0.30-a0-377-g5cb311bc9f (webtiles) character file.

Game seed: 12682558612628023542

8 qeuew the Trooper (level 2, -5/24 HPs)
             Began as a Demonspawn Chaos Knight on Nov 29, 2022.
             Was a Plaything of Xom.
             Slain by a jumping spider (shapeshifter) (6 damage)
             ... on level 1 of the Dungeon.
             The game lasted 00:00:16 (86 turns).

qeuew the Trooper (Demonspawn Chaos Knight)           Turns: 86, Time: 00:00:19

Health: -5/24      AC:  5    Str: 12    XL:     2   Next: 0%
Magic:  2/2        EV: 11    Int: 13    God:    Xom [..*...]
Gold:   19         SH:  0    Dex: 12    Spells: 1/1 levels left

rFire   . . .      SeeInvis .    a - +0 hand axe (chaos)
rCold   . . .      Faith    .    (no shield)
rNeg    . . .      Spirit   .    b - +2 leather armour
rPois   .          Reflect  .    (helmet restricted)
rElec   .          Harm     .    (no cloak)
rCorr   .          Rampage  .    (no gloves)
Will    .....                    (no boots)
Stlth   +.........               (no amulet)
HPRegen 0.24/turn                (no ring)
MPRegen 0.08/turn                (no ring)

@: no status effects
A: antennae 1
a: Renounce Religion


You were on level 1 of the Dungeon.
You worshipped Xom.
You were a toy of Xom.
You visited 1 branch of the dungeon, and saw 1 of its levels.

You collected 19 gold pieces.

Inventory:

Hand Weapons
 a - a +0 hand axe of chaos (weapon)
Armour
 b - a +2 leather armour (worn)
Scrolls
 d - a scroll of fear {unknown}
Miscellaneous
 c - a piece from Xom's chessboard (15/15) (quivered)


   Skills:
 * Level 3.2 Fighting
 + Level 2.7 Axes
 + Level 1.9 Armour
 + Level 1.1 Dodging
 + Level 0.3 Evocations


You had one spell level left.
You didn't know any spells.
Your spell library was empty.

Dungeon Overview and Level Annotations

Branches:
Dungeon (1/15)

Altars:


Innate Abilities, Weirdness & Mutations

You have a pair of small antennae on your head.


Message History

You kill the jackal!
A goblin comes into view. It is wielding a +0 club.
The goblin hits you with a +0 club.
You barely miss the goblin. The goblin misses you.
You hit the goblin.
You kill the goblin!
You have reached level 2!
You feel monstrous as your demonic heritage exerts itself.
Your demonic ancestry asserts itself...
A pair of antennae grows on your head!
An endoplasm comes into view.
An endoplasm is nearby!
An endoplasm is nearby!
An endoplasm is nearby!
The endoplasm quivers.
Things that are here:
a +0 club; a +0 short sword; a kobold corpse The endoplasm freezes you.
You are frozen.
You hit the endoplasm.
The endoplasm changes into a shapeshifter!
The shapeshifter changes into a jumping spider!
You hit the jumping spider but do no damage.
The jumping spider pounces on you!
Ouch! That really hurt!
* * * LOW HITPOINT WARNING * * *
Xom is amused.
The jumping spider closely misses you.
You are too injured to fight recklessly!
You are too injured to fight recklessly!
A jumping spider is nearby!
A jumping spider is nearby!
Unknown command.
You closely miss the jumping spider. The jumping spider pounces on you.
* * * LOW HITPOINT WARNING * * *
The jumping spider bites you.
* * * LOW HITPOINT WARNING * * *
The jumping spider pounces on you.
You die...
Xom cackles wildly!

#.. ##.######
........ #.....
####...# ##.##....†.#
#....^.....#
#.###.####)# ### #
#@# ###<. ##.####s#
#....
........########
##....
#..#...........##
#.....
#####........###..)##
####..##......##
#..##.....##
#.........#
#....######


You could see a jumping spider shaped shifter.

Vanquished Creatures
  A ball python (D:1)
  A goblin (D:1)
  3 jackals (D:1)
  A kobold (D:1)
  A rat (D:1)
7 creatures vanquished.

Notes
Turn   | Place    | Note
-------+----------+-------------------------------------------
     0 | D:1      | qeuew the Demonspawn Chaos Knight began the quest for the
                  | Orb.
     0 | D:1      | Reached XP level 1. HP: 18/18 MP: 1/1
    33 | D:1      | Reached skill level 1 in Dodging
    45 | D:1      | Discovered your monstrous ancestry.
    45 | D:1      | Gained mutation: You have a pair of small antennae on your
                  | head. [demonic ancestry]
    45 | D:1      | Reached XP level 2. HP: 11/24 MP: 2/2
    84 | D:1      | an endoplasm changed into a shapeshifter
    84 | D:1      | Noticed a shapeshifter (shapeshifter)
    84 | D:1      | a shapeshifter changed into a jumping spider
    84 | D:1      | Noticed a jumping spider (shapeshifter)
    86 | D:1      | HP: 1/24 [jumping spider (shapeshifter) (1)]
    86 | D:1      | Slain by a jumping spider (shapeshifter)

Illustrated notes

Levels and vault maps discovered:
D:1:      amcnicky_arrival_wind_blow, layout_loops_ring, kennysheep_boxes

Skill      XL: |  1 |
---------------+----+-----
Dodging        | 1 |  1.1
Fighting       | |  3.2
Axes           | |  2.7
Armour         | |  1.9
Evocations     | |  0.3

Action                   || total
-------------------------++-------
Melee: Hand axe          ||    15
 Stab: Paralysed         ||     1
Armor: Leather armour    ||     7
Dodge: Dodged            ||     8

Table legend: (Time is in decaauts)
 A = Elapsed time spent in this place.
 B = Non-inter-level travel time spent in this place.
 C = Inter-level travel time spent in this place.
 D = Time resting spent in this place.
 E = Time spent auto-exploring this place.
 F = Levels seen in this place.
 G = Mean time per level.
                   A        B        C        D        E       F      G
               +--------+--------+--------+--------+--------+-----+--------+
         Total |     88 |     88 |      0 |      0 |     57 |   1 |   88.0 |
       Dungeon |     88 |     88 |      0 |      0 |     57 |   1 |   88.0 |
               +--------+--------+--------+--------+--------+-----+--------+

Top non-repeatable levels by time:
     D:1: 88 daAuts
